 Dungeon Crawl Stone Soup version 0.28.0-53-g5a82cb258f (webtiles) character file.

Game seed: 9749035854581432877

1628 DemonSlayer the Magician (level 8, -2/56 HPs)
             Began as a Demonspawn Fire Elementalist on Aug 9, 2022.
             Slain by a four-headed hydra (14 damage)
             ... on level 6 of the Dungeon.
             The game lasted 00:15:07 (7924 turns).

DemonSlayer the Magician (DsFE)                     Turns: 7924, Time: 00:15:08

Health: -2/56      AC:  6    Str:  9    XL:     8   Next: 65%
Magic:  25/25      EV: 12    Int: 18    God:
Gold:   276        SH:  0    Dex: 14    Spells: 1/18 levels left

rFire   + . .      SeeInvis .   n - +2 spear (flame)
rCold   + . .      Faith    .   (no shield)
rNeg    . . .      Spirit   .   t - +0 leather armour {rF+}
rPois   .          Reflect  .   w - +0 helmet
rElec   .          Harm     .   (no cloak)
rCorr   .          Rampage  .   (no gloves)
Will    .....                   (no boots)
Stlth   ++........              (no amulet)
HPRegen 0.18/turn               i - ring of protection from cold
MPRegen 0.19/turn               l - ring of magical power

@: about to teleport
A: powered by pain 1, sharp scales 2
a: no special abilities


You were on level 6 of the Dungeon.
You visited 1 branch of the dungeon, and saw 6 of its levels.
You also visited: Ossuary.

You collected 276 gold pieces.

Inventory:

Hand Weapons
 g - a +0 short sword
 h - a +0 hunting sling of freezing
 n - a +2 spear of flaming (weapon)
Missiles
 a - 13 sling bullets
 f - 3 boomerangs
 y - a throwing net
Armour
 t - a +0 leather armour of fire resistance (worn)
 w - a +0 helmet (worn)
Jewellery
 i - a ring of protection from cold (left hand)
 l - a ring of magical power (right hand)
 x - a ring of flight
Wands
 A - a wand of charming (11)
Scrolls
 e - a scroll of magic mapping {unknown}
 p - a scroll of amnesia
 r - a scroll of enchant armour {unknown}
 u - a scroll of vulnerability {unknown}
 v - a scroll of fog
 C - a scroll of noise {unknown}
 D - a scroll of immolation {unknown}
Potions
 b - 2 potions of mutation
 j - 2 potions of attraction {unknown}
 k - 4 potions of might
 m - a potion of curing {unknown}
 o - a potion of resistance {unknown}
 s - 2 potions of flight
 z - a potion of degeneration {unknown}
 B - 2 potions of heal wounds {unknown}


   Skills:
 + Level 2.0 Fighting
 + Level 0.5 Polearms
 + Level 4.5 Slings
 + Level 2.2 Armour
 + Level 2.3 Dodging
 + Level 2.3 Stealth
 + Level 5.9 Spellcasting
 + Level 2.2 Conjurations
 + Level 5.6 Fire Magic


You had one spell level left.
You knew the following spells:

 Your Spells              Type           Power      Damage    Failure   Level
a - Foxfire               Conj/Fire      76%        2x1d7     3%          1
b - Scorch                Fire           50%        2d7       2%          2
c - Tukima's Dance        Hex            5%         N/A       45%         3
d - Conjure Flame         Conj/Fire      19%        6-21      10%         3
e - Flame Wave            Conj/Fire      19%        2d6       32%         4
f - Anguish               Hex/Necr       2%         N/A       86%         4

Your spell library contained the following spells:

 Spells                   Type           Power      Damage    Failure   Level
 Beastly Appendage        Tmut           10%        N/A       17%         1
 Inner Flame              Hex/Fire       15%        N/A       16%         3
 Ensorcelled Hibernation  Hex/Ice        10%        N/A       26%         2
 Wereblood                Tmut           5%         N/A       26%         2
 Spider Form              Tmut/Pois      5%         N/A       45%         3
 Enfeeble                 Hex            2%         N/A       100%        7


Dungeon Overview and Level Annotations

Branches:
Dungeon (6/15)            Ossuary (visited)
 Temple: D:4-7

Altars:
Dithmenos
Gozag
Hepliaklqana
Makhleb
Nemelex Xobeh
Ru
Uskayaw

Shops:
D:1 *

Annotations:
D:1 Terence


Innate Abilities, Weirdness & Mutations

You sometimes gain a little power by taking damage.
You are mostly covered in razor-sharp scales. (AC +2, Slay +2)


Message History

As you read the scroll labelled FIPOMAXOGU, it crumbles to dust.
It is a scroll of amnesia.
Really abort (and waste the scroll)?
Okay, then.
The phantom hits you but does no damage.
The orc hits you with a +0 dagger. The quokka zombie barely misses you.
The orc warrior hits you but does no damage.
The goblin zombie barely misses you.
As you read the scroll labelled GUHEUNN MYMEAX, it crumbles to dust.
The scroll dissolves into smoke.
It was a scroll of fog.
The phantom hits you. The orc closely misses you.
The quokka zombie bites you but does no damage.
The orc warrior hits you with a +0 flail.
The goblin zombie hits you but does no damage.
As you read the scroll labelled NEASUU QIBO, it crumbles to dust.
It is a scroll of enchant weapon.
Your +1 spear of venom glows red for a moment.
The phantom hits you but does no damage.
The orc hits you but does no damage.
The orc warrior hits you with a +0 flail.
As you read the scroll labelled YXEIRU ISUOTE, it crumbles to dust.
It is a scroll of brand weapon.
Your +2 spear of venom is engulfed in flames!
n - a +2 spear of flaming (weapon)
The phantom hits you but does no damage.
The goblin zombie closely misses you. The orc barely misses you.
The orc warrior hits you but does no damage.
The four-headed hydra bites you!
The four-headed hydra closely misses you.
The four-headed hydra misses you. The four-headed hydra bites you.
As you read the scroll labelled XOWNUI JEIPI, it crumbles to dust.
You feel strangely unstable.
It was a scroll of teleportation.
The phantom barely misses you. The orc hits you with a +0 dagger.
The orc warrior hits you with a +0 flail.
The goblin zombie barely misses you. The four-headed hydra bites you.
The four-headed hydra barely misses you.
The four-headed hydra bites you!
* * * LOW HITPOINT WARNING * * *
The four-headed hydra bites you!
You die...

###### #........ #.)..#
.......... #....# ###
#........? #...<# #..
....D..... #.>..##
#.######.........
####..###.#§§§.#.......#
#...##.#oD###.......#
#......#@WoZo.......# ..
###....#Zo###.......#≈
....####..#§§§$#........≈
..........######W.......≈
h..#........W....#......≈
...##....##......#...####
.........#####..##...#
.........# #..# ...#
.......W.# #..# .#.#


You could see a four-headed hydra, an orc warrior, a phantom, 2 orcs and a
goblin zombie.

Vanquished Creatures
  Sigmund (D:3)
  Eustachio (D:4)
  A black bear (D:5)
  2 ogres (D:5)
  2 phantoms (D:4)
  2 elf zombies (Ossuary)
  2 water moccasin zombies (D:5)
  A water moccasin skeleton (D:4)
  3 centaur zombies (Ossuary)
  A jelly (D:4)
  2 human zombies (Ossuary)
  An iguana (D:4)
  4 orc wizards
  2 hound zombies (Ossuary)
  3 mummies (Ossuary)
  3 adders
  8 gnolls
  2 white imps (D:4)
  2 ufetubi
  5 adder zombies
  A worm (D:2)
  11 orcs
  5 ball pythons
  7 endoplasms
  5 giant cockroaches
  3 gnoll zombies (Ossuary)
  7 goblins
  5 hobgoblins
  7 kobolds
  5 quokkas
  5 bats
  3 frilled lizards
  2 goblin zombies (Ossuary)
  3 hobgoblin zombies (Ossuary)
  2 jackal zombies (Ossuary)
  3 kobold zombies (Ossuary)
  An orc zombie (Ossuary)
  5 quokka zombies (Ossuary)
  2 rats (D:1)
  3 rat zombies (Ossuary)
133 creatures vanquished.

Vanquished Creatures (others)
  131 foxfires
131 creatures vanquished.

Grand Total: 264 creatures vanquished

Notes
Turn   | Place    | Note
-------+----------+-------------------------------------------
     0 | D:1      | DemonSlayer the Demonspawn Fire Elementalist began the
                  | quest for the Orb.
     0 | D:1      | Reached XP level 1. HP: 13/13 MP: 3/3
   722 | D:1      | Found Noytaj's General Store.
   755 | D:1      | Gained mutation: You sometimes gain a little power by
                  | taking damage. [demonic ancestry]
   755 | D:1      | Reached XP level 2. HP: 19/19 MP: 0/5
   758 | D:1      | Learned a level 2 spell: Scorch
  1782 | D:2      | Found a hazy altar of Hepliaklqana.
  1804 | D:2      | Reached XP level 3. HP: 24/24 MP: 6/6
  1913 | D:2      | Noticed Terence
  1962 | D:1      | HP: 1/24 [Terence/+1 vorpal flail (2)]
  2746 | D:2      | Found a faded altar of an unknown god.
  3118 | D:2      | Learned a level 3 spell: Tukima's Dance
  3180 | D:3      | Reached skill level 1 in Slings
  3277 | D:3      | Found a sacrificial altar of Ru.
  3687 | D:3      | Gained mutation: You are partially covered in razor-sharp
                  | scales. (AC +1, Slay +1) [demonic ancestry]
  3687 | D:3      | Reached XP level 4. HP: 30/30 MP: 7/7
  3782 | D:3      | Noticed Sigmund
  3788 | D:3      | Killed Sigmund
  3789 | D:3      | Reached skill level 1 in Fighting
  3789 | D:3      | Reached XP level 5. HP: 25/37 MP: 9/9
  4456 | D:4      | Reached XP level 6. HP: 43/43 MP: 10/10
  4827 | D:4      | Noticed Eustachio
  4973 | D:4      | Killed Eustachio
  5137 | D:4      | Reached skill level 1 in Armour
  5137 | D:4      | Reached XP level 7. HP: 47/49 MP: 10/12
  5778 | D:4      | Learned a level 3 spell: Conjure Flame
  5783 | D:4      | Learned a level 4 spell: Flame Wave
  5804 | D:5      | Entered Level 5 of the Dungeon
  5865 | D:5      | Reached skill level 5 in Fire Magic
  6245 | D:5      | Found a shadowy altar of Dithmenos.
  6264 | D:5      | Gained mutation: You are mostly covered in razor-sharp
                  | scales. (AC +2, Slay +2) [demonic ancestry]
  6264 | D:5      | Reached XP level 8. HP: 56/56 MP: 14/14
  6327 | D:5      | Found a sparkling altar of Nemelex Xobeh.
  6337 | D:5      | Found a hazy altar of Hepliaklqana.
  6361 | D:5      | Found a hide-covered altar of Uskayaw.
  6388 | D:5      | Found a burning altar of Makhleb.
  6505 | D:5      | Reached skill level 5 in Spellcasting
  6535 | D:5      | Found an opulent altar of Gozag.
  6728 | D:5      | Learned a level 4 spell: Anguish
  6783 | D:6      | Found a sand-covered staircase.
  6784 | D:6      | Noticed a four-headed hydra
  6791 | Ossuary  | Entered an ossuary
  7924 | D:6      | Slain by a four-headed hydra

Illustrated notes

Levels and vault maps discovered:
D:1:      dpeg_arrival_ternary, layout_basic, serial_shops, shop
D:2:      layout_rooms, basic_altar, shapermc_ecumenical_altar_notcrosses,
          uniq_terence
D:3:      layout_loops_corners, nicolae_ru_great_annihilating_truth,
          st_stairs_10, uniq_sigmund
D:4:      layout_gridville, uniq_eustachio
D:5:      layout_cave_pools, grunt_gozag_statues,
          nicolae_overflow_quartered_altars, nicolae_dithmenos_the_darkroom,
          minivault_19
D:6:      layout_rooms, serial_bayou, serial_bayou_lagoon_b,
          serial_bayou_shore_b, serial_bayou_shore_b, serial_bayou_pond_e,
          serial_bayou_lagoon_a, enter_ossuary_4, kennysheep_decorative_pillar,
          chequers_serial_rivers_micro_b, chequers_serial_rivers_micro_b,
          uniq_pikel

Skill      XL: |  1  2  3  4  5  6  7  8 |
---------------+-------------------------+-----
Fire Magic     | 3 4 5 |  5.6
Slings         | 1 3 4 |  4.5
Fighting       | 1 2 |  2.0
Dodging        | 2 |  2.3
Stealth        | 2 |  2.3
Spellcasting   | 3 4 5 |  5.9
Armour         | 1 2 |  2.2
Conjurations   | 2 |  2.2
Polearms       | |  0.5

Action                   |  1- 3 |  4- 6 |  7- 9 || total
-------------------------+-------+-------+-------++-------
Melee: Short sword       |     2 |     4 |       ||     6
       Spear             |       |    12 |    56 ||    68
       Punch             |       |     1 |     1 ||     2
 Fire: Hunting sling     |    58 |    41 |    63 ||   162
 Cast: Foxfire           |    56 |    24 |       ||    80
       Scorch            |     6 |    24 |   119 ||   149
  Use: Scroll            |       |       |     8 ||     8
 Stab: Sleeping          |     1 |       |     1 ||     2
Armor: Robe              |     3 |       |       ||     3
       Leather armour    |       |    25 |    65 ||    90
Dodge: Dodged            |    15 |    45 |   122 ||   182
